 Dungeon Crawl Stone Soup version 0.28-a0-872-g80cf8599ee (webtiles) character file.

Game seed: 11217167605962577441

44597 swappor the Severer (level 13, -14/126 HPs)
             Began as a Minotaur Berserker on Nov 20, 2021.
             Was an Elder of Trog.
             Demolished by a death knight (16 damage)
             ... on level 1 of the Abyss on Nov 21, 2021.
             The game lasted 01:21:12 (24752 turns).

swappor the Severer (Minotaur Berserker)           Turns: 24752, Time: 01:21:12

Health: -14/126    AC: 20    Str: 23    XL:     13   Next: 97%
Magic:  9/9        EV:  9    Int:  4    God:    Trog [****..]
Gold:   1005       SH: 10    Dex: 10    Spells: 12/12 levels left

rFire   . . .      SeeInvis +   M - +2 broad axe (freeze)
rCold   . . .      Faith    +   d - +0 kite shield
rNeg    . . .      Spirit   .   u - +0 plate armour
rPois   +          Reflect  .   (helmet restricted)
rElec   .          Harm     .   G - +1 cloak
rCorr   .          Rampage  .   D - +0 pair of gloves
Will    .....                   K - +0 pair of boots
Stlth   ..........              y - amulet of faith
HPRegen 0.31/turn               A - ring of poison resistance
MPRegen 0.11/turn               t - ring of see invisible

@: on berserk cooldown, slowed, very slow
A: horns 2, retaliatory headbutt, [deterioration 2], [low mp 2], [weak 2],
[subdued magic 2]
a: Renounce Religion, Berserk, Trog's Hand, Brothers in Arms


You were on level 1 of the Abyss.
You worshipped Trog.
Trog was greatly pleased with you.
You visited 3 branches of the dungeon, and saw 17 of its levels.
You visited the Abyss 1 time.
You also visited: Ice Cave.

You collected 1005 gold pieces.

Inventory:

Hand Weapons
 M - a +2 broad axe of freezing (weapon)
Armour
 d - a +0 kite shield (worn)
 m - a +0 scale mail of fire resistance
 u - a +0 plate armour (worn)
 D - a +0 pair of gloves (worn)
 G - a +1 cloak (worn)
 K - a +0 pair of boots (worn)
Jewellery
 f - a ring of protection from cold
 t - a ring of see invisible (right hand)
 y - an amulet of faith (around neck)
 A - a ring of poison resistance (left hand)
 H - a ring of ice
Wands
 g - a wand of paralysis (12)
 h - a wand of acid (9)
 n - a wand of charming (15)
 p - a wand of flame (16)
 E - a wand of mindburst (12)
Scrolls
 b - 3 scrolls of identify
 e - a scroll of torment {unknown}
 l - 2 scrolls of enchant weapon
 o - 4 scrolls of fog
 q - 3 scrolls of teleportation
 r - a scroll of blinking
 w - 3 scrolls of immolation
 x - a scroll of fear
Potions
 c - a potion of berserk rage
 i - 4 potions of magic
 j - 2 potions of might
 k - 2 potions of mutation {unknown}
 s - 2 potions of resistance
 v - 4 potions of curing
 z - a potion of haste {unknown}
 B - 2 potions of invisibility
 C - 3 potions of lignification {unknown}
 F - a potion of heal wounds
 I - a potion of flight {unknown}
 J - 2 potions of ambrosia
Miscellaneous
 L - a phial of floods (inert)


   Skills:
 * Level 15.0 Fighting
 * Level 15.0 Axes
 + Level 10.6 Armour
 + Level 9.8 Dodging
 + Level 10.2 Shields
 + Level 8.5 Evocations


You had 12 spell levels left.
You didn't know any spells.
Your spell library was empty.

Dungeon Overview and Level Annotations

Branches:
Dungeon (11/15)            Temple (1/1) D:4            Lair (5/6) D:11
 Shoals (0/4) Lair:2        Snake (0/4) Lair:3        IceCv (visited)
  Slime: Lair:5-6       Orc: D:9-12

Altars:
Ashenzari
Cheibriados
Dithmenos
Elyvilon
Fedhas
Gozag
Hepliaklqana
Kikubaaqudgha
Makhleb
Nemelex Xobeh
Okawaru
Qazlal
Ru
Sif Muna
Trog
Uskayaw
Vehumet
Wu Jian
Xom
Yredelemnul
Zin
The Shining One

Shops:
D:5 *   D:7 =

Annotations:
Lair:4 Sonja


Innate Abilities, Weirdness & Mutations

You have a pair of horns on your head.
You reflexively headbutt those who attack you in melee.
[Your body often deteriorates upon taking damage.]
[Your magical capacity is very low. (-20% MP)]
[You are very weak. (Str -4)]
[Your spells are easier to cast, but less powerful.]


Message History

You start resting.
A spatial vortex is nearby!
Press: ? - help, v - describe, . - travel
Here: a spatial vortex (wandering, hasn't noticed you)
The floor.
A spatial vortex comes into view. x2
A spatial vortex comes into view.
The spatial vortex moves out of view.
A spatial vortex comes into view.
A spatial vortex comes into view. x2; A spatial maelstrom comes into view.
The spatial vortex moves out of view. x2
A spatial vortex and a death knight come into view.
Found a potion of degeneration and a potion of heal wounds.
The death knight shouts!
You hear a shout!
The death knight offers itself to Yredelemnul, and fills with unholy energy.
The death knight mumbles some strange prayers to Yredelemnul against you.
Your body is wracked with pain!
A wretched star comes into view.
A spatial vortex comes into view.
The death knight invokes the aid of Yredelemnul against you.
Your body is wracked with pain!
* * * LOW HITPOINT WARNING * * *
A spatial vortex comes into view.
The wretched star pulses with an eldritch light!
You feel yourself wasting away.
You feel your body start to fall apart.
A tormentor comes into view.
The tormentor roars!
You hear a screech!
The death knight invokes the aid of Yredelemnul against you.
You struggle to resist.
The wretched star glows turbulently.
The lance of force misses you.
The tormentor calls on the powers of darkness!
The death knight convulses!
Your body is wracked with pain!
* * * LOW HITPOINT WARNING * * *
The tormentor suffers a backlash!
The death knight hits you from afar with a +0 glaive!
* * * LOW HITPOINT WARNING * * *
The tormentor shouts, "Prepare for my thousand needles of pain!"
The death knight hits you from afar with a +0 glaive!
You die...

. .#.. #.##v #.
#.##.##.#.. ..#
....!.......# .
....#!#v### .
#.v#.v...#### . # #.
#.#v.#...#
....#.#.#....#..##...
..#......#..#@*...#
#.....#...##...##.# .
..###.##..#p2# #.
.##....##...... #.
#...#.##.. #.... ..
#...######.# ...#
#.....#. ##. .#.
#..##.# . . ## . . #
#.#.. .


You could see a death knight (reflects damage), a wretched star, 3 spatial
vortices and a tormentor.

Vanquished Creatures
  A frost giant (IceCv)
  7 hydras
  5 two-headed ogres
  8 death yaks (IceCv)
  A wretched star (Abyss:1)
  Pikel (D:5)
  An ugly thing (D:11)
  Joseph (D:9)
  3 elephants (Lair:2)
  Maurice (D:8)
  A torpor snail (Lair:2)
  A gargoyle (D:9)
  4 black mambas
  2 komodo dragons
  6 cane toads
  A kobold demonologist (D:9)
  8 rime drakes
  2 ice devils (Lair:3)
  3 trolls
  4 polar bears (IceCv)
  4 merfolk
  2 hornets
  5 blink frogs (Lair:2)
  2 meliai zombies
  A shadow (D:9)
  3 wraiths
  A wyvern (Lair:3)
  56 yaks
  6 basilisks
  3 vampire mosquitoes (D:10)
  Menkaure (D:5)
  2 nagas (Lair:3)
  8 water moccasins
  2 orc warriors
  2 ice beasts
  A black bear (D:8)
  3 sky beasts
  A hornet zombie (D:8)
  8 centaurs
  12 wolves
  5 kobold brigands
  3 lemures
  10 bullfrogs
  A gnoll sergeant (D:6)
  2 scorpions
  A wyvern zombie (D:6)
  10 killer bees (D:9)
  4 howler monkeys
  7 wights
  3 electric eels (D:11)
  6 centaur zombies
  A bullfrog zombie (D:6)
  2 jellies
  3 orc priests
  11 hounds
  A bullfrog skeleton (D:7)
  A gnoll shaman (D:6)
  6 iguanas
  6 orc wizards
  A hound skeleton (D:5)
  2 howler monkey zombies
  A gnoll (D:3)
  12 adders
  2 white imps
  3 worms (D:2)
  2 dart slugs (D:2)
  24 orcs
  6 bats
  4 endoplasms
  A giant cockroach (D:1)
  5 goblins
  7 hobgoblins
  14 kobolds
  2 quokkas
  8 ball pythons
  3 frilled lizards
  9 rats
373 creatures vanquished.

Vanquished Creatures (collateral kills)
  An ice statue (IceCv)
1 creature vanquished.

Vanquished Creatures (others)
  20 fungi
  12 plants
32 creatures vanquished.

Grand Total: 406 creatures vanquished

Notes
Turn   | Place    | Note
-------+----------+-------------------------------------------
     0 | D:1      | swappor the Minotaur Berserker began the quest for the Orb.
     0 | D:1      | Reached XP level 1. HP: 19/19 MP: 0/0
   205 | D:1      | Reached XP level 2. HP: 27/27 MP: 1/1
   799 | D:2      | Reached XP level 3. HP: 19/33 MP: 2/2
  1088 | D:2      | Reached ** piety under Trog
  1179 | D:2      | Reached skill level 1 in Shields
  1520 | D:2      | Found a faded altar of an unknown god.
  1535 | D:2      | Reached XP level 4. HP: 41/41 MP: 3/3
  2130 | D:3      | Found an ornate altar of the Wu Jian Council.
  2130 | D:3      | Found a blossoming altar of Fedhas.
  2138 | D:3      | Found an ancient bone altar of Kikubaaqudgha.
  2418 | D:3      | Reached XP level 5. HP: 47/47 MP: 4/4
  2424 | D:3      | Reached skill level 5 in Axes
  2440 | D:3      | Reached skill level 5 in Fighting
  3014 | D:3      | Found a shimmering blue altar of Sif Muna.
  3074 | D:3      | Found a bloodstained altar of Trog.
  3262 | D:4      | Found a basalt altar of Yredelemnul.
  3274 | D:4      | Found a staircase to the Ecumenical Temple.
  3361 | D:4      | Reached XP level 6. HP: 55/56 MP: 5/5
  3430 | D:4      | Found a shadowy altar of Dithmenos.
  3899 | Temple   | Entered the Ecumenical Temple
  4047 | D:5      | Entered Level 5 of the Dungeon
  4047 | D:5      | Noticed Menkaure
  4053 | D:5      | Killed Menkaure
  4054 | D:5      | Reached skill level 1 in Evocations
  4180 | D:5      | Reached XP level 7. HP: 33/62 MP: 6/6
  4834 | D:5      | Found a burning altar of Makhleb.
  4837 | D:5      | Found a glowing silver altar of Zin.
  4837 | D:5      | Noticed an angel
  4837 | D:5      | Noticed a balrug
  4890 | D:5      | Noticed Pikel
  5026 | D:5      | Paralysed by Pikel for 5 turns
  5042 | D:5      | Killed Pikel
  5043 | D:5      | Reached XP level 8. HP: 71/71 MP: 7/7
  5211 | D:5      | Found Iklag's General Store.
  5358 | D:6      | Noticed a troll
  5383 | D:6      | Killed a troll
  5384 | D:6      | Reached skill level 5 in Armour
  6658 | D:6      | Reached XP level 9. HP: 81/81 MP: 8/8
  6972 | D:7      | Reached skill level 5 in Dodging
  6972 | D:7      | You fall into a shaft and drop 1 floor!
  7258 | D:7      | Found Seshesuj's Jewellery Shop.
  7346 | D:7      | Found an opulent altar of Gozag.
  7425 | D:7      | Reached skill level 5 in Shields
  7723 | D:7      | Noticed a troll
  7846 | D:7      | Killed a troll
  7847 | D:7      | Reached skill level 5 in Evocations
  8609 | D:8      | Reached *** piety under Trog
  8976 | D:8      | Reached XP level 10. HP: 78/91 MP: 9/9
  9550 | D:8      | Noticed Maurice
  9570 | D:8      | Killed Maurice
 10287 | D:9      | Noticed a two-headed ogre
 10357 | D:9      | Killed a two-headed ogre
 10358 | D:9      | Reached skill level 10 in Fighting
 10358 | D:9      | Reached skill level 10 in Axes
 11058 | D:9      | Paralysed by a hornet for 1 turns
 11562 | D:9      | Noticed a gargoyle
 11736 | D:9      | Killed a gargoyle
 11737 | D:9      | Reached XP level 11. HP: 101/101 MP: 10/10
 11816 | D:9      | Noticed Joseph
 11870 | D:9      | Killed Joseph
 12062 | D:9      | Reached **** piety under Trog
 12416 | D:10     | Entered Level 10 of the Dungeon
 12486 | D:10     | Found a snail-covered altar of Cheibriados.
 12501 | D:10     | Found a sacrificial altar of Ru.
 12764 | D:10     | Found a sparkling altar of Nemelex Xobeh.
 13002 | D:10     | Noticed a two-headed ogre
 13108 | D:9      | Killed a two-headed ogre
 13882 | D:11     | Noticed a purple ugly thing
 13895 | D:11     | Killed a purple ugly thing
 13987 | D:11     | Noticed a two-headed ogre
 14057 | D:11     | Killed a two-headed ogre
 14509 | D:11     | Found a staircase to the Lair.
 14758 | D:11     | Noticed a two-headed ogre
 14792 | D:11     | Killed a two-headed ogre
 15108 | D:11     | Noticed a two-headed ogre
 15113 | D:11     | Killed a two-headed ogre
 15114 | D:11     | Reached XP level 12. HP: 112/112 MP: 11/11
 15248 | D:11     | Found a radiant altar of Vehumet.
 15464 | D:11     | Found the +12 glaive of Prune {vorpal}
 15510 | Lair:1   | Entered Level 1 of the Lair of Beasts
 16691 | Lair:1   | Noticed a five-headed hydra
 16704 | Lair:1   | Killed a five-headed hydra
 16765 | Lair:1   | Noticed a five-headed hydra
 16778 | Lair:1   | Killed a five-headed hydra
 17011 | Lair:1   | Noticed a six-headed hydra
 17026 | Lair:1   | Killed a ten-headed hydra
 18407 | Lair:2   | Found a staircase to the Shoals.
 19269 | Lair:2   | Noticed an eight-headed hydra
 19725 | Lair:2   | Reached XP level 13. HP: 108/123 MP: 12/12
 20342 | Lair:3   | Found a staircase to the Snake Pit.
 20544 | Lair:3   | Found a frozen archway.
 20647 | IceCv    | Entered an ice cave
 21019 | IceCv    | Reached skill level 10 in Armour
 21458 | IceCv    | HP: 6/125 [rime drake/flash freeze (9)]
 21905 | IceCv    | Noticed a frost giant
 21993 | IceCv    | Killed a frost giant
 22841 | Lair:3   | Reached skill level 10 in Shields
 23116 | Lair:3   | You fall into a shaft and drop 1 floor!
 23162 | Lair:3   | You fall into a shaft and drop 1 floor!
 24510 | Lair:4   | Reached skill level 15 in Axes
 24667 | Lair:4   | Noticed Sonja
 24672 | Lair:4   | Cast into level 1 of the Abyss (Sonja)
 24730 | Abyss:1  | Reached skill level 15 in Fighting
 24752 | Abyss:1  | HP: 2/126 [death knight (12)]
 24752 | Abyss:1  | Demolished by a death knight

Illustrated notes

Levels and vault maps discovered:
D:1:      minmay_arrival_jagged, layout_rooms
D:2:      minmay_angry_zag, layout_loops_ring,
          hellmonk_ecumenical_altar_pennies_from_heaven
D:3:      layout_loops_ring, chequers_temple_overflow_statue_of_worship,
          nzn_overflow_gifts_of_might_and_magic, grunt_ministairs_1,
          kennysheep_decorative_pillar
D:4:      layout_basic, mainiacjoe_overflow_concentric_impassable,
          grunt_dithmenos_smoke, minmay_temple_entry_drinking_statues
D:5:      layout_rooms, grunt_temple_overflow_order_and_chaos_2, serial_shops,
          shop_statue, uniq_pikel, uniq_menkaure
D:6:      minmay_bubble_buster, layout_basic
D:7:      minmay_chambers_of_fours, layout_gridville,
          mainiacjoe_overflow_tiny_flanked, serial_shops, nicolae_shop_trees
D:8:      layout_basic, uniq_maurice
D:9:      layout_long_grid, nicolae_concentric_dashed_squares_mild,
          grunt_ministairs_14, uniq_joseph
D:10:     layout_basic, nicolae_overflow_hidden_temple,
          mainiacjoe_overflow_cross_hatched, mainiacjoe_overflow_surrounded_room
D:11:     layout_stronghold, erik_lair_island, nicolae_vehumet_radiance
Temple:   nicolae_temple_figure_zero
Lair:1:   layout_gridlike, chequers_serial_rivers_small_3
Lair:2:   layout_regular_city, elwin_shoals_entry_stream
Lair:3:   layout_cave_pods, guppyfry_snake_entry_garden,
          portal_ice_cave_demonic_guard
Lair:4:   layout_concentric_octagons, uniq_sonja
Lair:5:   layout_misc_corridors, st_stairs_3, grunt_megastairs_5
Abyss:1:  base:
D:9

Skill      XL: |  1  2  3  4  5  6  7  8  9 10 11 12 13 |
---------------+----------------------------------------+-----
Fighting       | 4 5 6 7 9 10 12 13 15 | 15.0
Axes           | 4 5 6 7 9 10 12 13 15 | 15.0
Shields        | 1 2 3 4 5 6 8 9 10 | 10.2
Armour         | 3 4 5 6 7 8 9 10 | 10.6
Dodging        | 3 4 5 6 7 8 9 |  9.8
Evocations     | 1 2 4 5 6 7 8 |  8.5

Action                   |  1- 3 |  4- 6 |  7- 9 | 10-12 | 13-15 || total
-------------------------+-------+-------+-------+-------+-------++-------
Melee: Hand axe          |    88 |   153 |   314 |   849 |   225 ||  1629
       Headbutt          |    11 |    20 |    72 |   198 |    71 ||   372
       Broad axe         |       |       |       |       |    94 ||    94
Throw: Throwing net      |       |       |       |       |     1 ||     1
Invok: Trog's Hand       |       |     3 |     2 |     2 |     4 ||    11
       Berserk           |       |     1 |     6 |    20 |    11 ||    38
       Brothers in Arms  |       |       |       |       |     1 ||     1
Evoke: Wand              |       |       |     1 |    28 |    25 ||    54
       Phial of floods   |       |       |       |       |     1 ||     1
  Use: Scroll            |       |     1 |       |    17 |     1 ||    19
       Potion            |       |       |     3 |       |     1 ||     4
 Stab: Held in net/web   |       |       |       |       |     1 ||     1
Armor: Animal skin       |     4 |       |       |       |       ||     4
       Scale mail        |    22 |    59 |    69 |       |       ||   150
       Plate armour      |       |       |    54 |   383 |   155 ||   592
Dodge: Dodged            |    31 |    49 |    93 |   209 |    88 ||   470
Block: Kite shield       |    23 |    50 |   103 |   360 |   129 ||   665

Table legend: (Time is in decaauts)
 A = Elapsed time spent in this place.
 B = Non-inter-level travel time spent in this place.
 C = Inter-level travel time spent in this place.
 D = Time resting spent in this place.
 E = Time spent auto-exploring this place.
 F = Levels seen in this place.
 G = Mean time per level.
                   A        B        C        D        E       F      G
               +--------+--------+--------+--------+--------+-----+--------+
         Total |  25073 |  24424 |    649 |   5382 |  13734 |  19 | 1319.6 |
       Dungeon |  16015 |  15483 |    532 |   2845 |   9239 |  11 | 1455.9 |
        Temple |    123 |    114 |      9 |      0 |    113 |   1 |  123.0 |
          Lair |   6681 |   6573 |    108 |   1661 |   3620 |   5 | 1336.2 |
         Abyss |     86 |     86 |      0 |     26 |      0 |   1 |   86.0 |
      Ice Cave |   2166 |   2166 |      0 |    849 |    761 |   1 | 2166.0 |
               +--------+--------+--------+--------+--------+-----+--------+

Top non-repeatable levels by time:
     D:9: 2553 daAuts
  Lair:1: 2548 daAuts
    D:11: 2297 daAuts
   IceCv: 2166 daAuts
  Lair:2: 1961 daAuts
     D:8: 1688 daAuts
     D:6: 1587 daAuts
     D:7: 1511 daAuts
     D:2: 1404 daAuts
  Lair:3: 1358 daAuts
     D:3: 1315 daAuts
    D:10: 1081 daAuts
     D:5: 1052 daAuts
     D:4: 937 daAuts
     D:1: 585 daAuts
